 Dungeon Sprint DCSS version 0.28.0-45-g0d030f2227 (webtiles) character file.

Game seed: 12402352793019937154

1948 McKennaii the Fighter (level 8, -9/82 HPs)
             Began as a Demigod Fighter on Apr 18, 2022.
             Mangled by a polar bear (16 damage)
             ... in the Dungeon (Sprint II: "The Violet Keep of Menkaure").
             The game lasted 00:06:06 (1509 turns).

McKennaii the Fighter (Demigod Fighter)             Turns: 1509, Time: 00:06:07

Health: -9/82      AC: 14    Str: 25    XL:     8   Next: 66%
Magic:  10/10      EV:  9    Int: 13    God:
Gold:   161        SH:  4    Dex: 13    Spells: 7/7 levels left

rFire   . . .      SeeInvis .   a - +0 trident
rCold   . . .      Faith    .   c - +0 buckler
rNeg    + . .      Spirit   .   b - +0 scale mail
rPois   .          Reflect  .   f - +1 helmet {Int+3}
rElec   .          Harm     .   e - +0 cloak {Stlth+}
rCorr   .          Rampage  .   (no gloves)
Will    .....      Rage     1%  i - +0 pair of boots of Past Mistakes {rN+}
Stlth   +......... NoTele   +   (no amulet)
HPRegen 0.23/turn               (no ring)
MPRegen 0.12/turn               (no ring)

@: no status effects
A: high MP 1, forlorn, divine attributes, berserk 1
a: no special abilities


You were in the Dungeon.
You visited 1 branch You collected 1053 gold pieces.
You spent 892 gold pieces at shops.

Inventory:

Hand Weapons
 a - a +0 trident (weapon)
Armour
 b - a +0 scale mail (worn)
 c - a +0 buckler (worn)
 e - a +0 cloak of stealth (worn)
 f - a +1 helmet of intelligence (worn)
 i - the +0 pair of boots of Past Mistakes (worn) {rN+}
   (You bought it in a shop in the Dungeon)

   rN:        It protects you from negative energy.
Scrolls
 j - a scroll of blinking
 k - 2 scrolls of identify {unknown}
 m - a scroll of enchant weapon {unknown}
 n - a scroll of magic mapping {unknown}
Potions
 d - a potion of might
 g - a potion of haste
 h - 2 potions of magic
 l - a potion of lignification {unknown}


   Skills:
 + Level 11.1 Fighting
 + Level 11.0 Polearms
 + Level 11.1 Armour
 - Level 2.6 Shields


You had 7 spell levels left.
You didn't know any spells.
Your spell library was empty.

Dungeon Overview and Level Annotations

Branches:
Dungeon (1/1)

Shops:
D !!::![[=(:(*=?(

Annotations:
D exclusion: oklob plant


Innate Abilities, Weirdness & Mutations

You have an increased reservoir of magic. (+10% MP)
You shall have no god before yourself.
Your divine heritage dramatically boosts your attributes as you level up.
You tend to lose your temper in combat.


Message History

The polar bear claws you but does no damage.
You hit the polar bear but do no damage.
The polar bear is moderately wounded.
The polar bear bites you but does no damage.
The polar bear closely misses you. The polar bear claws you.
You hit the polar bear.
The polar bear is heavily wounded.
The polar bear bites you but does no damage.
The polar bear claws you but does no damage.
The polar bear closely misses you.
You hit the polar bear.
The polar bear is heavily wounded.
You puncture the polar bear!
The polar bear is severely wounded.
The polar bear goes berserk!
You barely miss the polar bear.
The polar bear is severely wounded.
The polar bear closely misses you. The polar bear claws you. x2
You hit the polar bear but do no damage.
The polar bear is severely wounded.
The polar bear bites you! The polar bear claws you.
The polar bear claws you but does no damage.
The polar bear barely misses you. x2; You block the polar bear's attack.
You puncture the polar bear!
The polar bear is almost dead.
The polar bear bites you but does no damage.
You block the polar bear's attack. The polar bear barely misses you.
You hit the polar bear.
The polar bear is almost dead.
The polar bear closely misses you. You block the polar bear's attack.
The polar bear misses you.
You hit the polar bear.
The polar bear is almost dead.
The polar bear bites you!!
* * * LOW HITPOINT WARNING * * *
The polar bear claws you.
* * * LOW HITPOINT WARNING * * *
The polar bear claws you but does no damage.
The polar bear bites you!
You die...

#########≈≈#+++#+++##
########≈≈≈.........#
......∩#≈≈≈≈.##+##..
.....∩.#≈≈≈≈##.#.##.#### .##.
∩...∩..#≈≈≈≈#.##..# ...# ...#
.∩.∩.∩.#≈≈#####..####..## #..#
∩.∩.∩..#≈##.###'###.##..# +..#
.∩.∩...#≈##..##.##...#..# #..#
..⌠....'≈[##.'.<@h##.'..### ..##.
.......#≈#.#.##.##...#....###...#
▓▓▓▓▓###≈##.###'###.##....h.≈≈≈≈≈
{G######≈≈#####.#####≈≈.....≈#+##


GG#l ##†≈≈#.)#..#≈≈≈≈≈≈≈..≈#... P{+l. #'#≈##.#.##≈≈≈≈≈≈≈≈.≈#... .$#$#
#.#≈≈##+##≈≈≈≈≈§≈≈≈≈≈#... [. ####≈≈≈ ≈≈≈≈≈≈≈§≈≈≈≈≈#.._ +++#+++#≈≈≈≈≈≈≈≈≈#._. You
could see a polar bear (berserk).

Vanquished Creatures
  A yaktaur (D)
  A polar bear (D)
  A hornet (D)
  A blink frog (D)
  4 neqoxecs (D)
  Menkaure (D)
  4 necrophages (D)
  4 scorpions (D)
  3 worms (D)
20 creatures vanquished.

Vanquished Creatures (others)
  A water moccasin (D)
1 creature vanquished.

Grand Total: 21 creatures vanquished

Notes
Turn   | Place    | Note
-------+----------+-------------------------------------------
     0 | D        | McKennaii the Demigod Fighter began the quest for the Orb.
     0 | D        | Reached XP level 1. HP: 18/18 MP: 3/3
   195 | D        | Noticed an electric eel
   195 | D        | Noticed an electric eel
   195 | D        | Noticed an electric eel
   204 | D        | Reached XP level 2. HP: 21/26 MP: 4/4
   257 | D        | Noticed a scorpion
   257 | D        | Noticed a scorpion
   262 | D        | Killed a scorpion
   263 | D        | Reached XP level 3. HP: 22/35 MP: 5/5
   269 | D        | HP: 1/35 [poisoned by a scorpion]
   275 | D        | Killed a scorpion
   276 | D        | Reached skill level 5 in Fighting
   276 | D        | Reached skill level 5 in Polearms
   276 | D        | Reached skill level 5 in Armour
   276 | D        | Reached XP level 4. HP: 22/44 MP: 6/6
   455 | D        | Reached XP level 5. HP: 35/51 MP: 7/7
   572 | D        | Killed a water moccasin
   686 | D        | Noticed a neqoxec
   686 | D        | Noticed a neqoxec
   686 | D        | Noticed a neqoxec
   686 | D        | Noticed a neqoxec
   689 | D        | Gained mutation: You tend to lose your temper in combat. [a
                  | neqoxec]
   691 | D        | Killed a neqoxec
   692 | D        | Reached XP level 6. HP: 61/61 MP: 8/8
   695 | D        | Killed a neqoxec
   703 | D        | Killed a neqoxec
   704 | D        | Reached XP level 7. HP: 69/69 MP: 9/9
   713 | D        | Killed a neqoxec
   888 | D        | Found Wuuklon's Assorted Antiques.
   888 | D        | Found Fuodiame's Magic Scroll Emporium.
   888 | D        | Found Dotud's Antique Weapon Shoppe.
   888 | D        | Found Putzyn's Weapon Shoppe.
   888 | D        | Found Picziwn's Jewellery Shoppe.
   888 | D        | Found Woocvous's Weapon Shoppe.
   889 | D        | Found Wickoel's Book Emporium.
   889 | D        | Found Barchaqo's Jewellery Shoppe.
   890 | D        | Found Famunteh's Antique Armour Shoppe.
   890 | D        | Found Jemiddibiadd's Antique Armour Emporium.
   890 | D        | Noticed Menkaure
   890 | D        | Noticed a shining eye
   890 | D        | Noticed a shining eye
   904 | D        | Killed Menkaure
   905 | D        | Reached skill level 10 in Fighting
   905 | D        | Reached skill level 10 in Polearms
   905 | D        | Reached skill level 10 in Armour
   905 | D        | Reached XP level 8. HP: 41/79 MP: 10/10
   908 | D        | Found Nixzeida's Distillery.
   908 | D        | Found Ifor's Book Shoppe.
   908 | D        | Noticed a shining eye
   908 | D        | Noticed an oklob plant
   909 | D        | Found Ejidib's Distillery.
   909 | D        | Found Niuthoasai's Distillery.
   909 | D        | Found Risit's Book Shoppe.
   952 | D        | Bought a runed cloak for 187 gold pieces
   952 | D        | Bought a shiny helmet for 187 gold pieces
   952 | D        | Bought a pair of ancient boots for 237 gold pieces
   952 | D        | Identified the +0 pair of boots of Past Mistakes {rN+} (You
                  | bought it in a shop in the Dungeon)
   977 | D        | Bought a scroll labelled FANUIDD UGUYHOCW for 25 gold
                  | pieces
   977 | D        | Bought a scroll labelled FANUIDD UGUYHOCW for 25 gold
                  | pieces
   977 | D        | Bought a bubbling black potion for 22 gold pieces
   977 | D        | Bought a scroll labelled SETOENAR XENOB for 25 gold pieces
  1017 | D        | Bought a glowing scarf for 184 gold pieces
  1089 | D        | Noticed a blink frog
  1101 | D        | Killed a blink frog
  1136 | D        | Noticed a polar bear
  1169 | D        | Killed a polar bear
  1260 | D        | Noticed a yaktaur
  1285 | D        | Killed a yaktaur
  1305 | D        | Noticed a hornet
  1428 | D        | Killed a hornet
  1474 | D        | Noticed a polar bear
  1509 | D        | Mangled by a polar bear

Illustrated notes

Levels and vault maps discovered:
D:        the_violet_keep_of_menkaure [sprint2_stairs_cluster_1,
          sprint2_shoproom, sprint2_temple, sprint2_basic_supplies,
          sprint2_obstacle_6, sprint2_obstacle_1, sprint2_obstacle_7,
          sprint2_obstacle_5, sprint2_obstacle_3, sprint2_timed_cluster_1,
          sprint2_smallroom_cluster_1, sprint2_smallroom_final_cluster_1,
          sprint2_transparent_cluster_1, sprint2_second_timed_cluster_1,
          sprint2_sniper_area_1, sprint2_heavy_combat_area_1,
          sprint2_mutation_trap_area_1, sprint2_forest_area_1,
          sprint2_light_combat_area_1, sprint2_behind_water_1,
          sprint2_near_end_vault_1]

Skill      XL: |  1  2  3  4  5  6  7  8 |
---------------+-------------------------+-----
Fighting       | 3 4 5 6 7 8 10 11 | 11.1
Polearms       | 2 4 5 6 7 8 10 11 | 11.0
Armour         | 3 4 5 6 7 8 10 11 | 11.1
Shields        | |  2.6

Action                   |  1- 3 |  4- 6 |  7- 9 || total
-------------------------+-------+-------+-------++-------
Melee: Trident           |    33 |    28 |    81 ||   142
  Use: Potion            |     2 |     1 |       ||     3
Armor: Scale mail        |     8 |     3 |    40 ||    51
Dodge: Dodged            |     7 |     9 |    31 ||    47
Block: Buckler           |     2 |     1 |    15 ||    18
